 Dungeon Crawl Stone Soup version 0.30-b1-2-g02819fbbbe (webtiles) character file.

Game seed: 18115766407585213437

110 Alarkh the Trooper (level 4, -6/35 HPs)
             Began as a Demonspawn Artificer on Nov 24, 2023.
             Mangled by a gnoll
             ... wielding a +0 spear
              (8 damage)
             ... on level 3 of the Dungeon.
             The game lasted 00:02:13 (2139 turns).

Alarkh the Trooper (Demonspawn Artificer)           Turns: 2139, Time: 00:02:14

Health: -6/35      AC:  3    Str: 13    XL:     4   Next: 61%
Magic:  4/4        EV: 11    Int: 14    God:
Gold:   85         SH:  0    Dex: 13    Spells: 3/3 levels left

rFire   . . .        a - +2 dagger (protect)
rCold   . . .        (no shield)
rNeg    . . .        b - +0 leather armour
rPois   .            (no helmet)
rElec   .            (no cloak)
rCorr   .            (no gloves)
SInv    .            (no boots)
Will    .....        (no amulet)
Stlth   +            (no ring)
HPRegen 0.25/turn    (no ring)
MPRegen 0.09/turn

%: no passive effects
@: no status effects
A: spiny 1, weakness stinger 1
a: no special abilities


You were on level 3 of the Dungeon.
You visited 1 branch of the dungeon, and saw 3 of its levels.

You collected 85 gold pieces.

Inventory:

Hand Weapons
 a - a +2 dagger of protection (weapon)
 j - a +0 club
 k - a +3 spear
Armour
 b - a +0 leather armour (worn)
Magical Staves
 i - a staff of fire
Jewellery
 h - a +6 ring of strength
Wands
 c - a wand of flame (12) (quivered)
 d - a wand of charming (15)
 e - a wand of iceblast (5)
Scrolls
 g - a scroll of amnesia {unknown}
 l - a scroll of fear {unknown}
 n - 3 scrolls of poison {unknown}
 o - a scroll of vulnerability {unknown}
 p - 2 scrolls of identify {unknown}
 q - a scroll of fog {unknown}
 r - a scroll of enchant weapon {unknown}
 s - a scroll of immolation {unknown}
Potions
 f - 2 potions of magic {unknown}
 m - a potion of brilliance {unknown}
 t - 2 potions of mutation {unknown}
 u - a potion of degeneration {unknown}


   Skills:
 + Level 3.1 Fighting
 - Level 1.7 Armour
 - Level 0.8 Dodging
 - Level 0.8 Stealth
 * Level 2.8 Unarmed Combat
 - Level 3.0 Evocations


You had 3 spell levels left.
You didn't know any spells.
Your spell library contained the following spells:

 Spells                   Type           Power      Damage    Failure   Level
 Poisonous Vapours        Pois/Air       0%         N/A       50%         2
 Mephitic Cloud           Conj/Pois/Air  0%         N/A       73%         3
 Freezing Cloud           Conj/Ice/Air   0%         6-21      100%        5


Dungeon Overview and Level Annotations

Branches:
Dungeon (3/15)

Altars:


Innate Abilities, Weirdness & Mutations

You are partially covered in sharp spines.
You have a small tail.


Message History

You tail-slap Terence, but do no damage.
Terence is almost dead.
Terence hits you but does no damage.
You hit Terence.
Terence is almost dead.
Terence hits you but does no damage.
You closely miss Terence.
Terence is almost dead.
Terence hits you but does no damage.
You hit Terence but do no damage.
You tail-slap Terence, but do no damage.
Terence is almost dead.
Terence closely misses you.
You hit Terence.
You kill Terence!
Your Fighting skill increases to level 3!
Found a stone staircase leading down.
A gnoll comes into view. It is wielding a +0 halberd.
The gnoll shouts!
A gnoll comes into view. It is wielding a +0 spear.
The gnoll shouts!
The gnoll hits you from afar with a +0 halberd.
The gnoll is struck by your spines. The gnoll hits you with a +0 halberd!
You are too injured to fight recklessly!
You are too injured to fight recklessly!
You are too injured to fight recklessly!
You are too injured to fight recklessly!
You are too injured to fight recklessly!
You are too injured to fight recklessly!
You are too injured to fight recklessly!
You are too injured to fight recklessly!
You are too injured to fight recklessly!
You are too injured to fight recklessly!
You are too injured to fight recklessly!
You barely miss the gnoll.
The gnoll is moderately wounded.
The gnoll hits you with a +0 halberd!
* * * LOW HITPOINT WARNING * * *
The gnoll hits you from afar with a +0 spear!
You die...

#.# #.#### #.# #.#
# #.#####.####
######........... #
..............####
##..##########...##
..# ### #.....###
#>#####.###........
#@....#.)......###
#g.####........##
#.g#.# #######.##
.......# #.#
#.###.### #.# # #.
#.# #


You could see 2 gnolls.

Vanquished Creatures
  A hound (D:2)
  Terence (D:3)
  2 dart slugs
  2 ball pythons (D:1)
  3 endoplasms (D:2)
  4 giant cockroaches
  7 hobgoblins
  3 jackals (D:1)
  2 kobolds (D:1)
  6 bats
  3 frilled lizards
  7 goblins
  7 rats
48 creatures vanquished.

Notes
Turn   | Place    | Note
-------+----------+-------------------------------------------
     0 | D:1      | Alarkh the Demonspawn Artificer began the quest for the
                  | Orb.
     0 | D:1      | Reached XP level 1. HP: 15/15 MP: 1/1
    60 | D:1      | You fall into a shaft and drop 1 floor!
   292 | D:2      | Discovered your monstrous ancestry.
   292 | D:2      | Gained mutation: You have a small tail. [demonic ancestry]
   292 | D:2      | Reached XP level 2. HP: 17/22 MP: 2/2
   410 | D:2      | Reached skill level 1 in Unarmed Combat
   410 | D:2      | Reached XP level 3. HP: 9/28 MP: 3/3
  1680 | D:1      | Gained mutation: You are partially covered in sharp spines.
                  | [demonic ancestry]
  1680 | D:1      | Reached XP level 4. HP: 28/34 MP: 4/4
  1848 | D:1      | Found a faded altar of an unknown god.
  2094 | D:3      | Noticed Terence
  2120 | D:3      | Killed Terence
  2139 | D:3      | Mangled by a gnoll

Illustrated notes

Levels and vault maps discovered:
D:1:      psy_arrival_spokes, layout_basic, basic_ecumenical_altar
D:2:      layout_loops_corners
D:3:      layout_loops_ring, uniq_terence

Skill      XL: |  1  2  3  4 |
---------------+-------------+-----
Fighting       | 2 3 |  3.1
Unarmed Combat | 1 2 |  2.8
Armour         | |  1.7
Dodging        | |  0.8
Stealth        | |  0.8
Evocations     | |  3.0

Action                     |  1- 3 |  4- 6 || total
---------------------------+-------+-------++-------
  Melee: Club              |    46 |       ||    46
         Tailslap          |     6 |    10 ||    16
         Dagger            |    59 |    55 ||   114
         Spear             |     8 |       ||     8
         Punch             |       |     1 ||     1
  Evoke: Wand              |     3 |       ||     3
   Stab: Sleeping          |     6 |       ||     6
 Armour: Leather armour    |    44 |    19 ||    63
  Dodge: Dodged            |    69 |    27 ||    96
